Senators vs Canadiens

Created - Friday, March 13, 2015 at 01:18

Goals
1 2 3 OT1 SO T
Senators 1 1 0 0 0 2
Canadiens 0 1 1 0 1 3
Shots
1 2 3 OT1 SO T
Senators 16 5 11 3 3 35
Canadiens 11 11 8 2 2 32

1st period

1. Senators , Kyle Okposo 29 (Peter Harrold, Henrik Sedin) at 19:57

Penalties :
Mike Cammalleri (Mon) for Interference (Minor) at 0:12, Scott Hartnell (Ott) for Roughing (Minor) at 0:47, Ben Lovejoy (Mon) for Hooking (Minor) at 7:27, Brandon Prust (Mon) for Hooking (Minor) at 7:43, Eric Staal (Mon) for Delaying the game (Minor) at 0:00

2nd period

2. Canadiens , Jared Spurgeon 12 (Alex Goligoski, Derek Grant) at 1:01 (SH)
3. Senators , Zach Bogosian 11 (Jonathan Toews, Phil Kessel) at 1:17 (PP)

Penalties :
Ben Lovejoy (Mon) for Interference (Minor) at 12:36, Erik Gudbranson (Ott) for Hooking (Minor) at 15:16

3rd period

4. Canadiens , Mathieu Perreault 22 (Jussi Jokinen) at 17:04

Penalties :
Craig Smith (Mon) for Goalie Interference (Minor) at 0:09, Mike Cammalleri (Mon) for Hooking (Minor) at 12:52, Erik Gudbranson (Ott) for Roughing (Minor) at 19:56

Overtime #1

No Goal

Penalties :
No Penalty

Shootout

Penalty Shot by Jonathan Toews for Senators - Stopped by Marc-Andre Fleury
Penalty Shot by Jussi Jokinen for Canadiens - Stopped by Steve Mason
Penalty Shot by Phil Kessel for Senators - Stopped by Marc-Andre Fleury
Penalty Shot by Mike Cammalleri for Canadiens - Goal!
Penalty Shot by Henrik Sedin for Senators - Stopped by Marc-Andre Fleury

Penalties :
No Penalty

Goalie Stats

Steve Mason (Ott), 30 saves from 32 shots - (0.938), OTL, 35-17-5, 65:00 minutes
Marc-Andre Fleury (Mon), 33 saves from 35 shots - (0.943), W, 42-9-4, 65:00 minutes

Players Stats for Senators

Player Name              G  A  P  +/- PIM S  H  SB GA TA FO     MP     PP MP  PK MP  
------------------------------------------------------------------------------------
Boone Jenner             0  0  0   0  0   1  0  0  3  0  1/1    10:26   0:00   0:38 
Connor Murphy            0  0  0  -1  0   0  2  1  1  1  0/0    20:03   3:07   0:58 
David Clarkson           0  0  0   0  0   1  1  1  1  0  0/0     7:54   0:00   0:00 
Erik Gudbranson          0  0  0  -1  4   3  0  3  0  1  0/0    20:41   3:07   0:00 
Henrik Sedin             0  1  1   0  0   3  1  0  0  1  7/14   16:33   3:44   0:00 
Jonathan Toews           0  1  1  -1  0   2  3  1  1  0  9/25   21:51   6:21   1:35 
Justin Schultz           0  0  0  -1  0   3  1  3  1  0  0/0    30:28   6:58   3:35 
Kyle Okposo              1  0  1   0  0   4  3  1  3  0  0/0    16:33   3:44   0:00 
Loui Eriksson            0  0  0   0  0   0  0  0  1  0  0/0    15:35   3:44   0:00 
Mark Scheifele           0  0  0   0  0   0  0  0  0  0  0/1    11:55   0:00   0:02 
Nate Prosser             0  0  0   1  0   2  0  0  0  3  0/0    14:29   0:00   0:00 
Nazem Kadri              0  0  0   0  0   3  3  0  2  0  6/11   14:33   0:00   1:50 
Peter Harrold            0  1  1   1  0   1  0  2  1  1  0/0    16:21   0:00   0:58 
Phil Kessel              0  1  1  -1  0   3  0  1  4  0  2/4    21:08   6:21   0:00 
Reilly Smith             0  0  0   0  0   3  0  1  1  0  0/0    12:17   0:00   0:00 
Scott Gomez              0  0  0   0  0   0  0  0  1  0  8/11   12:05   0:00   1:39 
Scott Hartnell           0  0  0  -1  2   2  5  0  0  0  0/0    20:40   6:20   1:26 
Zach Bogosian            1  0  1  -1  0   4  2  3  0  3  0/0    30:28   6:58   3:35 

Players Stats for Canadiens

Player Name              G  A  P  +/- PIM S  H  SB GA TA FO     MP     PP MP  PK MP  
------------------------------------------------------------------------------------
Alex Goligoski           0  1  1   1  0   1  2  0  2  0  0/0    23:35   1:48   2:28 
Ben Lovejoy              0  0  0   0  4   2  0  0  0  1  0/0    14:04   0:00   0:16 
Blake Comeau             0  0  0   0  0   4  0  0  1  0  0/0     8:33   0:00   1:30 
Brandon Prust            0  0  0   1  2   1  1  1  0  1  0/0    14:11   0:00   6:35 
Craig Smith              0  0  0  -1  2   2  1  0  3  0  0/1    14:31   0:00   0:00 
Derek Grant              0  1  1   1  0   2  3  0  0  0  9/21   15:56   0:00   8:09 
Eric Staal               0  0  0   0  2   3  3  0  1  0  9/14   17:51   1:12   0:00 
Jan Hejda                0  0  0   0  0   0  2  2  1  1  0/0    26:23   0:08   6:32 
Jared Spurgeon           1  0  1   1  0   5  1  0  0  5  0/0    23:52   0:49   3:33 
Jaromir Jagr             0  0  0   0  0   3  2  1  0  2  1/1    16:21   1:12   0:00 
Jussi Jokinen            0  1  1   1  0   2  2  1  1  1  1/1    13:31   1:25   0:00 
Marcus Johansson         0  0  0  -1  0   1  0  0  1  1  1/1    12:31   0:00   0:00 
Mathieu Perreault        1  0  1   1  0   1  2  0  1  0  7/9    14:59   1:25   0:00 
Matt Niskanen            0  0  0   0  0   1  1  1  0  0  0/0    21:51   1:48   0:26 
Mike Cammalleri          0  0  0   0  4   2  1  0  1  0  1/3    17:07   1:12   0:00 
Mike Santorelli          0  0  0  -1  0   0  1  0  0  0  4/14   14:58   0:00   1:56 
Mike Weaver              0  0  0   0  0   1  3  2  0  0  0/0    21:41   0:41   7:11 
Patric Hornqvist         0  0  0   1  0   1  3  0  2  0  1/2    14:47   1:25   0:00 

3 Stars

1 - Mathieu Perreault (Mon)
2 - Kyle Okposo (Ott)
3 - Jared Spurgeon (Mon)

Power Play

Senators - 1 on 7 Attempt(s) - 14.29%
Canadiens - 0 on 3 Attempt(s) - 0.00%

Penalty Kill

Senators - 3 on 3 Attempt(s) - 100.00% - Score 0 goal in Penalty Kill
Canadiens - 6 on 7 Attempt(s) - 85.71% - Score 1 goal in Penalty Kill

Team Stat

Senators - Hits : 21 - Faceoff Wins : 33 - Blocked Shots : 17 - Penalty Minutes : 6
Canadiens - Hits : 28 - Faceoff Wins : 34 - Blocked Shots : 8 - Penalty Minutes : 14

Official

Referees : Unknown
Linesman : Unknown

Game Notes

No Game Note

Finance

Level 1 -- Attendance: 6000 (100.00%) -- Ticket Income $510,000
Level 2 -- Attendance: 4877 (97.54%) -- Ticket Income $234,096
Level 3 -- Attendance: 1814 (90.70%) -- Ticket Income $54,420
Level 4 -- Attendance: 4000 (100.00%) -- Ticket Income $72,000
Luxury Box -- Attendance: 915 (91.50%) -- Ticket Income $155,550
Game was played at the Bell Centre'
Total Attendance: 17606 (97.81%)
Total Ticket Income: $1,026,066
Other Income: $502,772
Total Income: $1,528,838

Senators

5 vs 5 Forward 
   Center                   Left Wing                Right Wing               Time % Phy DF OF 
 1 Jonathan Toews           Scott Hartnell           Phil Kessel              38     1   2  2  
 2 Henrik Sedin             Loui Eriksson            Kyle Okposo              32     1   2  2  
 3 Nazem Kadri              Reilly Smith             Mark Scheifele           20     1   2  2  
 4 Scott Gomez              Boone Jenner             David Clarkson           10     1   2  2  

5 vs 5 Defense 
   Defense                  Defense                                           Time % Phy DF OF 
 1 Zach Bogosian            Justin Schultz                                    35     1   2  2  
 2 Erik Gudbranson          Connor Murphy                                     30     1   2  2  
 3 Nate Prosser             Peter Harrold                                     22     1   2  2  
 4 Zach Bogosian            Justin Schultz                                    13     1   2  2  

PowerPlay Forward 
   Center                   Left Wing                Right Wing               Time % Phy DF OF 
 1 Jonathan Toews           Scott Hartnell           Phil Kessel              60     1   2  2  
 2 Henrik Sedin             Loui Eriksson            Kyle Okposo              40     1   2  2  

PowerPlay Defense
   Defense                  Defense                                           Time % Phy DF OF 
 1 Zach Bogosian            Justin Schultz                                    60     1   2  2  
 2 Erik Gudbranson          Connor Murphy                                     40     1   2  2  

Penalty Kill 4 Players Forward 
   Center                   Wing                     Time % Phy DF OF 
 1 Nazem Kadri              Scott Hartnell           60     1   2  2  
 2 Mark Scheifele           Boone Jenner             40     1   2  2  

Penalty Kill 4 Players Defense
   Defense                  Defense                  Time % Phy DF OF 
 1 Zach Bogosian            Justin Schultz           60     1   2  2  
 2 Erik Gudbranson          Connor Murphy            40     1   2  2  

Penalty Kill - 3 Players Forward 
   Forward                                           Time % Phy DF OF 
 1 Jonathan Toews                                    60     1   2  2  
 2 Boone Jenner                                      40     1   2  2  

Penalty Kill - 3 Players Defense
   Defense                  Defense                  Time % Phy DF OF 
 1 Zach Bogosian            Justin Schultz           60     1   2  2  
 2 Erik Gudbranson          Connor Murphy            40     1   2  2  

4 vs 4 Forward 
   Center                   Wing                     Time % Phy DF OF 
 1 Jonathan Toews           Phil Kessel              60     1   2  2  
 2 Henrik Sedin             Kyle Okposo              40     1   2  2  

4 vs 4 Defense
   Defense                  Defense                  Time % Phy DF OF 
 1 Zach Bogosian            Justin Schultz           60     1   2  2  
 2 Erik Gudbranson          Connor Murphy            40     1   2  2  

Last Minutes Offensive
   Center                   Left Wing                Right Wing               Defense                  Defense                  
   Jonathan Toews           Scott Hartnell           Phil Kessel              Zach Bogosian            Justin Schultz           

Last Minutes Defensive
   Center                   Left Wing                Right Wing               Defense                  Defense                  
   Jonathan Toews           Scott Hartnell           Phil Kessel              Zach Bogosian            Justin Schultz           

Goaltenders
Starting : Steve Mason              
Backup : James Reimer             

Extra Forwards
Normal : Nazem Kadri, Reilly Smith, Scott Gomez - PP : Nazem Kadri, Reilly Smith - PK : Scott Gomez
Extra Defensemen
Normal : Nate Prosser, Peter Harrold, Erik Gudbranson - PP : Nate Prosser - PK : Peter Harrold, Erik Gudbranson
Penalty Shots
Jonathan Toews, Phil Kessel, Henrik Sedin, Kyle Okposo, Scott Hartnell

Canadiens

5 vs 5 Forward 
   Center                   Left Wing                Right Wing               Time % Phy DF OF 
 1 Eric Staal               Mike Cammalleri          Jaromir Jagr             32     1   1  3  
 2 Mathieu Perreault        Jussi Jokinen            Patric Hornqvist         29     1   1  3  
 3 Mike Santorelli          Marcus Johansson         Craig Smith              28     1   1  3  
 4 Derek Grant              Blake Comeau             Brandon Prust            11     1   3  1  

5 vs 5 Defense 
   Defense                  Defense                                           Time % Phy DF OF 
 1 Alex Goligoski           Jan Hejda                                         40     1   2  2  
 2 Jared Spurgeon           Matt Niskanen                                     34     1   2  2  
 3 Ben Lovejoy              Mike Weaver                                       26     1   3  1  
 4 Jan Hejda                Matt Niskanen                                     0      1   2  2  

PowerPlay Forward 
   Center                   Left Wing                Right Wing               Time % Phy DF OF 
 1 Eric Staal               Mike Cammalleri          Jaromir Jagr             60     1   1  3  
 2 Mathieu Perreault        Jussi Jokinen            Patric Hornqvist         40     1   1  3  

PowerPlay Defense
   Defense                  Defense                                           Time % Phy DF OF 
 1 Alex Goligoski           Matt Niskanen                                     60     1   2  2  
 2 Mike Weaver              Jared Spurgeon                                    40     1   2  2  

Penalty Kill 4 Players Forward 
   Center                   Wing                     Time % Phy DF OF 
 1 Derek Grant              Brandon Prust            60     1   3  1  
 2 Mike Santorelli          Blake Comeau             40     1   3  1  

Penalty Kill 4 Players Defense
   Defense                  Defense                  Time % Phy DF OF 
 1 Mike Weaver              Jan Hejda                60     1   3  1  
 2 Alex Goligoski           Jared Spurgeon           40     1   3  1  

Penalty Kill - 3 Players Forward 
   Forward                                           Time % Phy DF OF 
 1 Derek Grant                                       60     1   3  1  
 2 Mike Santorelli                                   40     1   3  1  

Penalty Kill - 3 Players Defense
   Defense                  Defense                  Time % Phy DF OF 
 1 Mike Weaver              Jan Hejda                60     1   3  1  
 2 Ben Lovejoy              Jared Spurgeon           40     1   3  1  

4 vs 4 Forward 
   Center                   Wing                     Time % Phy DF OF 
 1 Eric Staal               Mike Cammalleri          60     1   2  2  
 2 Mathieu Perreault        Jaromir Jagr             40     1   2  2  

4 vs 4 Defense
   Defense                  Defense                  Time % Phy DF OF 
 1 Alex Goligoski           Matt Niskanen            60     1   2  2  
 2 Jan Hejda                Jared Spurgeon           40     1   2  2  

Last Minutes Offensive
   Center                   Left Wing                Right Wing               Defense                  Defense                  
   Eric Staal               Mike Cammalleri          Jaromir Jagr             Jared Spurgeon           Matt Niskanen            

Last Minutes Defensive
   Center                   Left Wing                Right Wing               Defense                  Defense                  
   Derek Grant              Mike Santorelli          Brandon Prust            Mike Weaver              Jan Hejda                

Goaltenders
Starting : Marc-Andre Fleury        
Backup : Pekka Rinne              

Extra Forwards
Normal : Eric Staal, Craig Smith, Patric Hornqvist - PP : Patric Hornqvist, Eric Staal - PK : Patric Hornqvist
Extra Defensemen
Normal : Jan Hejda, Mike Weaver, Matt Niskanen - PP : Alex Goligoski - PK : Mike Weaver, Matt Niskanen
Penalty Shots
Jussi Jokinen, Mike Cammalleri, Craig Smith, Jaromir Jagr, Mike Santorelli

% Time on Ice - Senators

Lines # - Real PCT - Wanted PCT - Time Play
Normal Forward
1 - 31% - 38% - 14:16
2 - 26% - 32% - 12:07
3 - 25% - 20% - 11:37
4 - 17% - 10% - 7:54
Normal Defense
1 - 32% - 35% - 14:45
2 - 32% - 30% - 14:36
3 - 32% - 22% - 14:29
4 - 5% - 13% - 2:04
PP Forward
1 - 63% - 60% - 6:21
2 - 37% - 40% - 3:44
PP Defense
1 - 69% - 60% - 6:58
2 - 31% - 40% - 3:07
PK Forward
1 - 99% - 60% - 2:35
2 - 1% - 40% - 0:02
PK Defense
1 - 100% - 60% - 2:37
2 - 0% - 40% - 0:00
PK3 Forward
1 - 100% - 60% - 1:56
2 - 0% - 40% - 0:00
PK3 Defense
1 - 50% - 60% - 0:58
2 - 50% - 40% - 0:58
44 Forward
1 - 78% - 60% - 3:30
2 - 22% - 40% - 0:58
44 Defense
1 - 69% - 60% - 3:06
2 - 31% - 40% - 1:22
Last Minute Offensive  - 0:00
Last Minute Defensive  - 0:00
Total
Forward - 65:00
Defense - 65:00

% Time on Ice - Canadiens

Lines # - Real PCT - Wanted PCT - Time Play
Normal Forward
1 - 31% - 32% - 14:25
2 - 27% - 29% - 12:37
3 - 27% - 28% - 12:31
4 - 14% - 11% - 6:21
Normal Defense
1 - 37% - 40% - 17:01
2 - 35% - 34% - 16:15
3 - 28% - 26% - 12:38
4 - 0% - 0% - 0:00
PP Forward
1 - 46% - 60% - 1:12
2 - 54% - 40% - 1:25
PP Defense
1 - 69% - 60% - 1:48
2 - 31% - 40% - 0:49
PK Forward
1 - 79% - 60% - 6:36
2 - 21% - 40% - 1:46
PK Defense
1 - 67% - 60% - 5:38
2 - 33% - 40% - 2:44
PK3 Forward
1 - 90% - 60% - 1:33
2 - 10% - 40% - 0:10
PK3 Defense
1 - 52% - 60% - 0:54
2 - 48% - 40% - 0:49
44 Forward
1 - 77% - 60% - 4:56
2 - 23% - 40% - 1:28
44 Defense
1 - 49% - 60% - 3:09
2 - 51% - 40% - 3:15
Last Minute Offensive  - 0:00
Last Minute Defensive  - 0:00
Total
Forward - 65:00
Defense - 65:00

Play by Play

1st period


0:01 of 1st period - Jonathan Toews wins face-off versus Eric Staal in neutral zone.
0:10 of 1st period - Snap shot by Scott Hartnell.
0:10 of 1st period - Stopped by Marc-Andre Fleury with a rebound.
0:12 of 1st period - Minor Penalty to Mike Cammalleri for Interference.
0:13 of 1st period - Derek Grant wins face-off versus Jonathan Toews in Canadiens zone.
0:47 of 1st period - Minor Penalty to Scott Hartnell for Roughing.
0:48 of 1st period - Eric Staal wins face-off versus Jonathan Toews in Senators zone.
1:46 of 1st period - Snap shot by Mathieu Perreault.
1:46 of 1st period - Shot Misses the Net.
2:05 of 1st period - Jan Hejda is hit by Kyle Okposo and loses puck.
2:12 of 1st period - Penalty to Mike Cammalleri is over, Mike Cammalleri is back on ice.
2:18 of 1st period - Mathieu Perreault is hit by Nazem Kadri and loses puck.
2:47 of 1st period - Penalty to Scott Hartnell is over, Scott Hartnell is back on ice.
2:56 of 1st period - Connor Murphy is hit by Alex Goligoski and loses puck.
3:02 of 1st period - Off-side.
3:03 of 1st period - Jonathan Toews wins face-off versus Mike Santorelli in neutral zone.
3:36 of 1st period - Icing by Marcus Johansson.
3:37 of 1st period - Mike Santorelli wins face-off versus Nazem Kadri in Canadiens zone.
3:46 of 1st period - Snap shot by Mike Santorelli.
3:46 of 1st period - Deflect By Marcus Johansson.
3:46 of 1st period - Shot Misses the Net.
3:46 of 1st period - Puck is out of play.
3:47 of 1st period - Derek Grant wins face-off versus Nazem Kadri in Senators zone.
3:48 of 1st period - Slapshot by Matt Niskanen.
3:48 of 1st period - Deflect By Blake Comeau.
3:48 of 1st period - Stopped by Steve Mason with a rebound.
3:50 of 1st period - Snap shot by Derek Grant.
3:50 of 1st period - Stopped by Steve Mason with a rebound.
3:52 of 1st period - Slapshot by Jared Spurgeon.
3:52 of 1st period - Shot Misses the Net.
3:54 of 1st period - Snap shot by Blake Comeau.
3:54 of 1st period - Stopped by Steve Mason without a rebound.
3:55 of 1st period - Nazem Kadri wins face-off versus Derek Grant in Senators zone.
4:12 of 1st period - Slapshot by Jared Spurgeon.
4:12 of 1st period - Stopped by Steve Mason with a rebound.
4:14 of 1st period - Slapshot by Jared Spurgeon.
4:14 of 1st period - Stopped by Steve Mason without a rebound.
4:15 of 1st period - Mathieu Perreault wins face-off versus Henrik Sedin in Senators zone.
4:16 of 1st period - Snap shot by Jussi Jokinen.
4:16 of 1st period - Shot Misses the Net.
4:37 of 1st period - Wrist shot by Henrik Sedin.
4:37 of 1st period - Shot Misses the Net.
4:39 of 1st period - Slapshot by Nate Prosser.
4:39 of 1st period - Stopped by Marc-Andre Fleury with a rebound.
4:51 of 1st period - Snap shot by Henrik Sedin.
4:51 of 1st period - Stopped by Marc-Andre Fleury without a rebound.
4:52 of 1st period - Eric Staal wins face-off versus Jonathan Toews in Canadiens zone.
4:52 of 1st period - Eric Staal is hit by Zach Bogosian.
5:00 of 1st period - Slapshot by Mike Cammalleri.
5:00 of 1st period - Deflect By Jaromir Jagr.
5:00 of 1st period - Shot Blocked by Justin Schultz.
5:00 of 1st period - Puck is out of play.
5:01 of 1st period - Jonathan Toews wins face-off versus Eric Staal in Senators zone.
5:14 of 1st period - Snap shot by Jonathan Toews.
5:14 of 1st period - Stopped by Marc-Andre Fleury without a rebound.
5:15 of 1st period - Scott Gomez wins face-off versus Mike Santorelli in Canadiens zone.
5:30 of 1st period - Wrist shot by David Clarkson.
5:30 of 1st period - Stopped by Marc-Andre Fleury with a rebound.
5:36 of 1st period - Slapshot by Justin Schultz.
5:36 of 1st period - Stopped by Marc-Andre Fleury without a rebound.
5:37 of 1st period - Mathieu Perreault wins face-off versus Jonathan Toews in Canadiens zone.
5:37 of 1st period - Mathieu Perreault is hit by Connor Murphy.
5:53 of 1st period - Snap shot by Scott Hartnell.
5:53 of 1st period - Stopped by Marc-Andre Fleury without a rebound.
5:54 of 1st period - Patric Hornqvist wins face-off versus Jonathan Toews in Canadiens zone.
6:05 of 1st period - Snap shot by Scott Hartnell.
6:05 of 1st period - Shot Blocked by Matt Niskanen.
6:07 of 1st period - Snap shot by Connor Murphy.
6:07 of 1st period - Shot Misses the Net.
6:09 of 1st period - Backhand shot by Connor Murphy.
6:09 of 1st period - Shot Misses the Net.
6:38 of 1st period - Off-side.
6:39 of 1st period - Eric Staal wins face-off versus Henrik Sedin in neutral zone.
6:50 of 1st period - Wrist shot by Mike Cammalleri.
6:50 of 1st period - Shot Misses the Net.
7:04 of 1st period - Wrist shot by Jaromir Jagr.
7:04 of 1st period - Stopped by Steve Mason without a rebound.
7:05 of 1st period - Nazem Kadri wins face-off versus Craig Smith in Senators zone.
7:22 of 1st period - Snap shot by Mark Scheifele.
7:22 of 1st period - Shot Misses the Net.
7:24 of 1st period - Slapshot by Peter Harrold.
7:24 of 1st period - Stopped by Marc-Andre Fleury without a rebound.
7:25 of 1st period - Mike Santorelli wins face-off versus Nazem Kadri in Canadiens zone.
7:27 of 1st period - Minor Penalty to Ben Lovejoy for Hooking.
7:28 of 1st period - Derek Grant wins face-off versus Jonathan Toews in Canadiens zone.
7:43 of 1st period - Minor Penalty to Brandon Prust for Hooking.
7:44 of 1st period - Jonathan Toews wins face-off versus Derek Grant in Canadiens zone.
8:36 of 1st period - Derek Grant is hit by Zach Bogosian and loses puck.
9:00 of 1st period - Derek Grant is hit by Kyle Okposo and loses puck.
9:17 of 1st period - Wrist shot by Phil Kessel.
9:17 of 1st period - Stopped by Marc-Andre Fleury with a rebound.
9:19 of 1st period - Backhand shot by Erik Gudbranson.
9:19 of 1st period - Shot Misses the Net.
9:21 of 1st period - Slapshot by Erik Gudbranson.
9:21 of 1st period - Shot Misses the Net.
9:23 of 1st period - Slapshot by Connor Murphy.
9:23 of 1st period - Shot Misses the Net.
9:25 of 1st period - Snap shot by Erik Gudbranson.
9:25 of 1st period - Stopped by Marc-Andre Fleury without a rebound.
9:26 of 1st period - Phil Kessel wins face-off versus Mike Santorelli in Canadiens zone.
9:27 of 1st period - Penalty to Ben Lovejoy is over, Ben Lovejoy is back on ice.
9:43 of 1st period - Penalty to Brandon Prust is over, Brandon Prust is back on ice.
9:47 of 1st period - Wrist shot by Kyle Okposo.
9:47 of 1st period - Shot Misses the Net.
9:57 of 1st period - Slapshot by Jared Spurgeon.
9:57 of 1st period - Shot Hit the Post.
10:31 of 1st period - Wrist shot by Eric Staal.
10:31 of 1st period - Shot Misses the Net.
11:29 of 1st period - Jonathan Toews is hit by Mathieu Perreault.
11:35 of 1st period - Alex Goligoski is hit by Scott Hartnell and loses puck.
13:16 of 1st period - Snap shot by Matt Niskanen.
13:16 of 1st period - Shot Blocked by David Clarkson.
13:18 of 1st period - Slapshot by Mike Weaver.
13:18 of 1st period - Stopped by Steve Mason without a rebound.
13:19 of 1st period - Derek Grant wins face-off versus Scott Gomez in Senators zone.
13:22 of 1st period - Slapshot by Blake Comeau.
13:22 of 1st period - Shot Blocked by Zach Bogosian.
13:28 of 1st period - Snap shot by Brandon Prust.
13:28 of 1st period - Shot Misses the Net.
13:30 of 1st period - Slapshot by Mike Weaver.
13:30 of 1st period - Shot Misses the Net.
13:32 of 1st period - Snap shot by Ben Lovejoy.
13:32 of 1st period - Shot Misses the Net.
13:34 of 1st period - Slapshot by Ben Lovejoy.
13:34 of 1st period - Deflect By Justin Schultz.
13:34 of 1st period - Stopped by Steve Mason without a rebound.
13:35 of 1st period - Mathieu Perreault wins face-off versus Jonathan Toews in Senators zone.
13:38 of 1st period - Snap shot by Patric Hornqvist.
13:38 of 1st period - Deflect By Jussi Jokinen.
13:38 of 1st period - Stopped by Steve Mason with a rebound.
13:58 of 1st period - Snap shot by Scott Hartnell.
13:58 of 1st period - Shot Misses the Net.
14:06 of 1st period - Snap shot by Jussi Jokinen.
14:06 of 1st period - Stopped by Steve Mason with a rebound.
14:08 of 1st period - Slapshot by Matt Niskanen.
14:08 of 1st period - Shot Misses the Net.
14:10 of 1st period - Slapshot by Matt Niskanen.
14:10 of 1st period - Shot Misses the Net.
14:20 of 1st period - Mike Cammalleri is hit by Scott Hartnell and loses puck.
14:27 of 1st period - Phil Kessel is hit by Eric Staal and loses puck.
14:57 of 1st period - Wrist shot by Craig Smith.
14:57 of 1st period - Deflect By Mike Santorelli.
14:57 of 1st period - Shot Blocked by Peter Harrold.
14:57 of 1st period - Puck is out of play.
14:58 of 1st period - Marcus Johansson wins face-off versus Henrik Sedin in Senators zone.
16:09 of 1st period - Wrist shot by Blake Comeau.
16:09 of 1st period - Stopped by Steve Mason without a rebound.
16:10 of 1st period - Eric Staal wins face-off versus Scott Gomez in Senators zone.
16:19 of 1st period - Slapshot by Erik Gudbranson.
16:19 of 1st period - Stopped by Marc-Andre Fleury without a rebound.
16:20 of 1st period - Scott Gomez wins face-off versus Eric Staal in Canadiens zone.
17:01 of 1st period - David Clarkson is hit by Eric Staal.
17:42 of 1st period - Matt Niskanen is hit by Kyle Okposo and loses puck.
18:08 of 1st period - Wrist shot by Phil Kessel.
18:08 of 1st period - Stopped by Marc-Andre Fleury with a rebound.
19:01 of 1st period - Wrist shot by Reilly Smith.
19:01 of 1st period - Stopped by Marc-Andre Fleury without a rebound.
19:02 of 1st period - Scott Gomez wins face-off versus Eric Staal in Canadiens zone.
19:31 of 1st period - Slapshot by Zach Bogosian.
19:31 of 1st period - Stopped by Marc-Andre Fleury without a rebound.
19:32 of 1st period - Henrik Sedin wins face-off versus Mike Santorelli in Canadiens zone.
19:51 of 1st period - Snap shot by Henrik Sedin.
19:51 of 1st period - Stopped by Marc-Andre Fleury without a rebound.
19:52 of 1st period - Henrik Sedin wins face-off versus Mike Santorelli in Canadiens zone.
19:53 of 1st period - Slapshot by Kyle Okposo.
19:53 of 1st period - Shot Misses the Net.
19:55 of 1st period - Slapshot by Peter Harrold.
19:55 of 1st period - Shot Blocked by Mike Weaver.
19:57 of 1st period - Wrist shot by Kyle Okposo.
19:57 of 1st period - Goal by Kyle Okposo - Senators : 1 - Canadiens : 0.
19:58 of 1st period - Eric Staal wins face-off versus Jonathan Toews in neutral zone.
Goals for this period are 1 for Senators vs 0 for Canadiens.
Shots for this period are 16 for Senators vs 11 for Canadiens.
0:00 of 2nd period - Minor Penalty to Eric Staal for Delaying the game.
Goals for this period are 1 for Senators vs 0 for Canadiens.
Shots for this period are 16 for Senators vs 11 for Canadiens.

2nd period


0:01 of 2nd period - Jonathan Toews wins face-off versus Derek Grant in neutral zone.
0:04 of 2nd period - Slapshot by Justin Schultz.
0:04 of 2nd period - Shot Blocked by Jan Hejda.
0:57 of 2nd period - Icing by Loui Eriksson.
0:58 of 2nd period - Derek Grant wins face-off versus Henrik Sedin in Senators zone.
1:01 of 2nd period - Wrist shot by Jared Spurgeon.
1:01 of 2nd period - Goal by Jared Spurgeon - Senators : 1 - Canadiens : 1.
1:02 of 2nd period - Phil Kessel wins face-off versus Derek Grant in neutral zone.
1:07 of 2nd period - Slapshot by Justin Schultz.
1:07 of 2nd period - Stopped by Marc-Andre Fleury with a rebound.
1:15 of 2nd period - Snap shot by Jonathan Toews.
1:15 of 2nd period - Stopped by Marc-Andre Fleury with a rebound.
1:17 of 2nd period - Snap shot by Zach Bogosian.
1:17 of 2nd period - Goal by Zach Bogosian - Senators : 2 - Canadiens : 1.
1:18 of 2nd period - Mike Cammalleri wins face-off versus Jonathan Toews in neutral zone.
1:21 of 2nd period - Snap shot by Jaromir Jagr.
1:21 of 2nd period - Shot Misses the Net.
1:23 of 2nd period - Slapshot by Alex Goligoski.
1:23 of 2nd period - Shot Blocked by Justin Schultz.
1:25 of 2nd period - Snap shot by Alex Goligoski.
1:25 of 2nd period - Shot Misses the Net.
1:27 of 2nd period - Snap shot by Jan Hejda.
1:27 of 2nd period - Deflect By Mike Cammalleri.
1:27 of 2nd period - Stopped by Steve Mason with a rebound.
1:29 of 2nd period - Slapshot by Jan Hejda.
1:29 of 2nd period - Shot Misses the Net.
1:31 of 2nd period - Slapshot by Jaromir Jagr.
1:31 of 2nd period - Stopped by Steve Mason with a rebound.
1:33 of 2nd period - Wrist shot by Eric Staal.
1:33 of 2nd period - Shot Misses the Net.
1:35 of 2nd period - Slapshot by Alex Goligoski.
1:35 of 2nd period - Deflect By Jonathan Toews.
1:35 of 2nd period - Stopped by Steve Mason without a rebound.
1:36 of 2nd period - Eric Staal wins face-off versus Jonathan Toews in Senators zone.
1:47 of 2nd period - Snap shot by Mike Cammalleri.
1:47 of 2nd period - Deflect By Eric Staal.
1:47 of 2nd period - Stopped by Steve Mason with a rebound.
2:29 of 2nd period - Connor Murphy is hit by Patric Hornqvist and loses puck.
4:00 of 2nd period - Connor Murphy is hit by Brandon Prust and loses puck.
4:43 of 2nd period - Mike Cammalleri is hit by Jonathan Toews and loses puck.
6:20 of 2nd period - Zach Bogosian is hit by Mike Weaver and loses puck.
6:29 of 2nd period - Wrist shot by Marcus Johansson.
6:29 of 2nd period - Stopped by Steve Mason without a rebound.
6:30 of 2nd period - Scott Gomez wins face-off versus Mike Santorelli in Senators zone.
7:31 of 2nd period - Phil Kessel is hit by Derek Grant and loses puck.
8:08 of 2nd period - Wrist shot by Mike Cammalleri.
8:08 of 2nd period - Shot Misses the Net.
8:10 of 2nd period - Slapshot by Jaromir Jagr.
8:10 of 2nd period - Shot Misses the Net.
8:12 of 2nd period - Slapshot by Jared Spurgeon.
8:12 of 2nd period - Shot Misses the Net.
8:14 of 2nd period - Slapshot by Jared Spurgeon.
8:14 of 2nd period - Stopped by Steve Mason with a rebound.
8:16 of 2nd period - Slapshot by Jared Spurgeon.
8:16 of 2nd period - Stopped by Steve Mason with a rebound.
8:18 of 2nd period - Wrist shot by Jaromir Jagr.
8:18 of 2nd period - Shot Blocked by Erik Gudbranson.
8:20 of 2nd period - Slapshot by Mike Cammalleri.
8:20 of 2nd period - Shot Hit the Post.
8:22 of 2nd period - Snap shot by Jaromir Jagr.
8:22 of 2nd period - Stopped by Steve Mason with a rebound.
9:04 of 2nd period - Slapshot by Nazem Kadri.
9:04 of 2nd period - Shot Misses the Net.
9:06 of 2nd period - Wrist shot by Nazem Kadri.
9:06 of 2nd period - Shot Misses the Net.
9:37 of 2nd period - Off-side.
9:38 of 2nd period - Derek Grant wins face-off versus Jonathan Toews in neutral zone.
9:59 of 2nd period - Snap shot by Scott Hartnell.
9:59 of 2nd period - Shot Misses the Net.
10:14 of 2nd period - Off-side.
10:15 of 2nd period - Scott Gomez wins face-off versus Eric Staal in neutral zone.
10:34 of 2nd period - Snap shot by Scott Gomez.
10:34 of 2nd period - Deflect By Boone Jenner.
10:34 of 2nd period - Shot Blocked by Jaromir Jagr.
10:34 of 2nd period - Puck is out of play.
10:35 of 2nd period - Mathieu Perreault wins face-off versus Henrik Sedin in Canadiens zone.
10:50 of 2nd period - Wrist shot by Mathieu Perreault.
10:50 of 2nd period - Shot Blocked by Kyle Okposo.
10:52 of 2nd period - Snap shot by Patric Hornqvist.
10:52 of 2nd period - Stopped by Steve Mason without a rebound.
10:53 of 2nd period - Henrik Sedin wins face-off versus Patric Hornqvist in Senators zone.
11:18 of 2nd period - Loui Eriksson is hit by Patric Hornqvist.
11:32 of 2nd period - Wrist shot by Scott Hartnell.
11:32 of 2nd period - Shot Blocked by Jussi Jokinen.
11:46 of 2nd period - Nate Prosser is hit by Mike Cammalleri.
11:52 of 2nd period - Snap shot by Eric Staal.
11:52 of 2nd period - Deflect By Mike Cammalleri.
11:52 of 2nd period - Shot Blocked by Peter Harrold.
11:52 of 2nd period - Puck is out of play.
11:53 of 2nd period - Eric Staal wins face-off versus Mark Scheifele in Senators zone.
12:00 of 2nd period - Snap shot by Eric Staal.
12:00 of 2nd period - Shot Misses the Net.
12:12 of 2nd period - Wrist shot by Reilly Smith.
12:12 of 2nd period - Deflect By Eric Staal.
12:12 of 2nd period - Stopped by Marc-Andre Fleury with a rebound.
12:25 of 2nd period - Justin Schultz is hit by Mike Weaver and loses puck.
12:36 of 2nd period - Minor Penalty to Ben Lovejoy for Interference.
12:37 of 2nd period - Jonathan Toews wins face-off versus Derek Grant in Canadiens zone.
12:40 of 2nd period - Wrist shot by Phil Kessel.
12:40 of 2nd period - Stopped by Marc-Andre Fleury without a rebound.
12:41 of 2nd period - Derek Grant wins face-off versus Jonathan Toews in Canadiens zone.
12:56 of 2nd period - Mike Weaver is hit by Jonathan Toews and loses puck.
13:04 of 2nd period - Off-side.
13:05 of 2nd period - Henrik Sedin wins face-off versus Derek Grant in neutral zone.
13:56 of 2nd period - Jonathan Toews is hit by Alex Goligoski and loses puck.
14:11 of 2nd period - Mike Weaver is hit by Scott Hartnell and loses puck.
14:18 of 2nd period - Mike Santorelli is hit by Scott Hartnell and loses puck.
14:31 of 2nd period - Snap shot by Blake Comeau.
14:31 of 2nd period - Stopped by Steve Mason without a rebound.
14:32 of 2nd period - Henrik Sedin wins face-off versus Derek Grant in Senators zone.
14:36 of 2nd period - Penalty to Ben Lovejoy is over, Ben Lovejoy is back on ice.
15:08 of 2nd period - Derek Grant is hit by Nazem Kadri and loses puck.
15:16 of 2nd period - Minor Penalty to Erik Gudbranson for Hooking.
15:17 of 2nd period - Nazem Kadri wins face-off versus Mike Cammalleri in Senators zone.
17:15 of 2nd period - Boone Jenner is hit by Jussi Jokinen.
17:16 of 2nd period - Penalty to Erik Gudbranson is over, Erik Gudbranson is back on ice.
17:31 of 2nd period - Zach Bogosian is hit by Mike Santorelli and loses puck.
19:16 of 2nd period - Off-side.
19:17 of 2nd period - Mathieu Perreault wins face-off versus Phil Kessel in neutral zone.
19:34 of 2nd period - Wrist shot by Jonathan Toews.
19:34 of 2nd period - Shot Blocked by Mike Weaver.
Goals for this period are 1 for Senators vs 1 for Canadiens.
Shots for this period are 5 for Senators vs 11 for Canadiens.

3rd period


0:01 of 3rd period - Henrik Sedin wins face-off versus Mike Santorelli in neutral zone.
0:09 of 3rd period - Minor Penalty to Craig Smith for Goalie Interference.
0:10 of 3rd period - Derek Grant wins face-off versus Jonathan Toews in Canadiens zone.
1:26 of 3rd period - Connor Murphy is hit by Jan Hejda and loses puck.
1:50 of 3rd period - Snap shot by Mike Santorelli.
1:50 of 3rd period - Shot Misses the Net.
2:09 of 3rd period - Penalty to Craig Smith is over, Craig Smith is back on ice.
2:18 of 3rd period - Alex Goligoski is hit by Justin Schultz and loses puck.
2:28 of 3rd period - Off-side.
2:29 of 3rd period - Nazem Kadri wins face-off versus Mathieu Perreault in neutral zone.
3:24 of 3rd period - Snap shot by Eric Staal.
3:24 of 3rd period - Stopped by Steve Mason without a rebound.
3:25 of 3rd period - Scott Gomez wins face-off versus Mike Santorelli in Senators zone.
3:25 of 3rd period - Scott Gomez is hit by Mike Weaver.
3:55 of 3rd period - Mike Weaver is hit by Connor Murphy.
4:26 of 3rd period - Craig Smith is hit by Scott Hartnell and loses puck.
5:11 of 3rd period - Snap shot by Kyle Okposo.
5:11 of 3rd period - Shot Misses the Net.
5:31 of 3rd period - Peter Harrold is hit by Jared Spurgeon and loses puck.
6:04 of 3rd period - Mark Scheifele is hit by Mathieu Perreault and loses puck.
6:13 of 3rd period - Snap shot by Patric Hornqvist.
6:13 of 3rd period - Shot Blocked by Erik Gudbranson.
6:15 of 3rd period - Snap shot by Alex Goligoski.
6:15 of 3rd period - Shot Misses the Net.
6:17 of 3rd period - Slapshot by Jan Hejda.
6:17 of 3rd period - Deflect By Patric Hornqvist.
6:17 of 3rd period - Shot Misses the Net.
6:17 of 3rd period - Puck is out of play.
6:18 of 3rd period - Scott Gomez wins face-off versus Derek Grant in Senators zone.
6:18 of 3rd period - Scott Gomez is hit by Derek Grant.
6:23 of 3rd period - Off-side.
6:24 of 3rd period - Boone Jenner wins face-off versus Derek Grant in neutral zone.
6:50 of 3rd period - Slapshot by Brandon Prust.
6:50 of 3rd period - Stopped by Steve Mason with a rebound.
6:58 of 3rd period - Wrist shot by Derek Grant.
6:58 of 3rd period - Stopped by Steve Mason with a rebound.
7:00 of 3rd period - Wrist shot by Brandon Prust.
7:00 of 3rd period - Shot Misses the Net.
8:14 of 3rd period - Slapshot by Mike Cammalleri.
8:14 of 3rd period - Stopped by Steve Mason without a rebound.
8:15 of 3rd period - Jaromir Jagr wins face-off versus Nazem Kadri in Senators zone.
8:34 of 3rd period - Wrist shot by Eric Staal.
8:34 of 3rd period - Stopped by Steve Mason without a rebound.
8:35 of 3rd period - Nazem Kadri wins face-off versus Mike Santorelli in Senators zone.
8:46 of 3rd period - Slapshot by Justin Schultz.
8:46 of 3rd period - Shot Misses the Net.
8:52 of 3rd period - Wrist shot by Nazem Kadri.
8:52 of 3rd period - Stopped by Marc-Andre Fleury without a rebound.
8:53 of 3rd period - Jonathan Toews wins face-off versus Mike Santorelli in Canadiens zone.
9:22 of 3rd period - Erik Gudbranson is hit by Craig Smith and loses puck.
9:41 of 3rd period - Connor Murphy is hit by Eric Staal.
9:44 of 3rd period - Icing by Kyle Okposo.
9:45 of 3rd period - Eric Staal wins face-off versus Henrik Sedin in Senators zone.
10:44 of 3rd period - Mike Weaver is hit by Nazem Kadri.
11:02 of 3rd period - Slapshot by Reilly Smith.
11:02 of 3rd period - Stopped by Marc-Andre Fleury with a rebound.
11:26 of 3rd period - Slapshot by Marcus Johansson.
11:26 of 3rd period - Shot Blocked by Phil Kessel.
11:32 of 3rd period - Jared Spurgeon is hit by Jonathan Toews and loses puck.
12:03 of 3rd period - Wrist shot by Boone Jenner.
12:03 of 3rd period - Stopped by Marc-Andre Fleury without a rebound.
12:04 of 3rd period - Scott Gomez wins face-off versus Derek Grant in Canadiens zone.
12:05 of 3rd period - Backhand shot by Justin Schultz.
12:05 of 3rd period - Stopped by Marc-Andre Fleury with a rebound.
12:07 of 3rd period - Wrist shot by Scott Gomez.
12:07 of 3rd period - Shot Blocked by Brandon Prust.
12:09 of 3rd period - Snap shot by Justin Schultz.
12:09 of 3rd period - Shot Misses the Net.
12:11 of 3rd period - Slapshot by Zach Bogosian.
12:11 of 3rd period - Stopped by Marc-Andre Fleury without a rebound.
12:12 of 3rd period - Henrik Sedin wins face-off versus Derek Grant in Canadiens zone.
12:25 of 3rd period - Snap shot by Kyle Okposo.
12:25 of 3rd period - Stopped by Marc-Andre Fleury with a rebound.
12:27 of 3rd period - Wrist shot by Henrik Sedin.
12:27 of 3rd period - Stopped by Marc-Andre Fleury with a rebound.
12:43 of 3rd period - Slapshot by Kyle Okposo.
12:43 of 3rd period - Stopped by Marc-Andre Fleury with a rebound.
12:45 of 3rd period - Snap shot by Kyle Okposo.
12:45 of 3rd period - Stopped by Marc-Andre Fleury without a rebound.
12:46 of 3rd period - Jonathan Toews wins face-off versus Mike Cammalleri in Canadiens zone.
12:52 of 3rd period - Minor Penalty to Mike Cammalleri for Hooking.
12:53 of 3rd period - Derek Grant wins face-off versus Jonathan Toews in Canadiens zone.
13:56 of 3rd period - Brandon Prust is hit by Henrik Sedin and loses puck.
14:52 of 3rd period - Penalty to Mike Cammalleri is over, Mike Cammalleri is back on ice.
15:21 of 3rd period - Off-side.
15:22 of 3rd period - Mathieu Perreault wins face-off versus Nazem Kadri in neutral zone.
15:43 of 3rd period - Wrist shot by Nazem Kadri.
15:43 of 3rd period - Stopped by Marc-Andre Fleury with a rebound.
15:45 of 3rd period - Slapshot by Nate Prosser.
15:45 of 3rd period - Stopped by Marc-Andre Fleury without a rebound.
15:46 of 3rd period - Mike Santorelli wins face-off versus Scott Gomez in Canadiens zone.
15:46 of 3rd period - Mike Santorelli is hit by David Clarkson.
16:05 of 3rd period - Snap shot by Craig Smith.
16:05 of 3rd period - Stopped by Steve Mason with a rebound.
17:02 of 3rd period - Wrist shot by Mike Cammalleri.
17:02 of 3rd period - Deflect By Jaromir Jagr.
17:02 of 3rd period - Shot Misses the Net.
17:02 of 3rd period - Puck is out of play.
17:03 of 3rd period - Jussi Jokinen wins face-off versus Phil Kessel in Senators zone.
17:04 of 3rd period - Snap shot by Mathieu Perreault.
17:04 of 3rd period - Goal by Mathieu Perreault - Senators : 2 - Canadiens : 2.
17:05 of 3rd period - Mathieu Perreault wins face-off versus Jonathan Toews in neutral zone.
17:08 of 3rd period - Jonathan Toews is hit by Jussi Jokinen and loses puck.
18:01 of 3rd period - Wrist shot by Craig Smith.
18:01 of 3rd period - Shot Blocked by Zach Bogosian.
18:03 of 3rd period - Slapshot by Jan Hejda.
18:03 of 3rd period - Deflect By Marcus Johansson.
18:03 of 3rd period - Shot Blocked by Justin Schultz.
18:03 of 3rd period - Puck is out of play.
18:04 of 3rd period - Mike Santorelli wins face-off versus Henrik Sedin in Senators zone.
19:16 of 3rd period - Mark Scheifele is hit by Jaromir Jagr and loses puck.
19:33 of 3rd period - Slapshot by Ben Lovejoy.
19:33 of 3rd period - Stopped by Steve Mason with a rebound.
19:35 of 3rd period - Snap shot by Mike Weaver.
19:35 of 3rd period - Shot Blocked by Reilly Smith.
19:37 of 3rd period - Snap shot by Derek Grant.
19:37 of 3rd period - Shot Blocked by Erik Gudbranson.
19:56 of 3rd period - Minor Penalty to Erik Gudbranson for Roughing.
19:57 of 3rd period - Nazem Kadri wins face-off versus Mathieu Perreault in Senators zone.
Goals for this period are 0 for Senators vs 1 for Canadiens.
Shots for this period are 11 for Senators vs 8 for Canadiens.

Overtime #1


0:01 of 1st overtime period - Eric Staal wins face-off versus Jonathan Toews in neutral zone.
0:16 of 1st overtime period - Wrist shot by Eric Staal.
0:16 of 1st overtime period - Shot Blocked by Zach Bogosian.
0:18 of 1st overtime period - Slapshot by Matt Niskanen.
0:18 of 1st overtime period - Stopped by Steve Mason with a rebound.
0:52 of 1st overtime period - Wrist shot by Eric Staal.
0:52 of 1st overtime period - Shot Misses the Net.
1:15 of 1st overtime period - Wrist shot by Mike Cammalleri.
1:15 of 1st overtime period - Shot Blocked by Connor Murphy.
1:17 of 1st overtime period - Wrist shot by Mike Cammalleri.
1:17 of 1st overtime period - Shot Misses the Net.
1:19 of 1st overtime period - Snap shot by Jared Spurgeon.
1:19 of 1st overtime period - Shot Blocked by Jonathan Toews.
1:43 of 1st overtime period - Connor Murphy is hit by Patric Hornqvist and loses puck.
1:54 of 1st overtime period - Snap shot by Craig Smith.
1:54 of 1st overtime period - Stopped by Steve Mason with a rebound.
1:56 of 1st overtime period - Penalty to Erik Gudbranson is over, Erik Gudbranson is back on ice.
2:10 of 1st overtime period - Scott Gomez is hit by Matt Niskanen and loses puck.
2:56 of 1st overtime period - Zach Bogosian is hit by Jan Hejda and loses puck.
3:07 of 1st overtime period - Slapshot by Justin Schultz.
3:07 of 1st overtime period - Shot Misses the Net.
3:09 of 1st overtime period - Slapshot by Zach Bogosian.
3:09 of 1st overtime period - Stopped by Marc-Andre Fleury without a rebound.
3:10 of 1st overtime period - Jonathan Toews wins face-off versus Derek Grant in Canadiens zone.
3:29 of 1st overtime period - Snap shot by Nazem Kadri.
3:29 of 1st overtime period - Stopped by Marc-Andre Fleury with a rebound.
3:35 of 1st overtime period - Zach Bogosian is hit by Derek Grant and loses puck.
3:46 of 1st overtime period - Backhand shot by Matt Niskanen.
3:46 of 1st overtime period - Shot Misses the Net.
4:26 of 1st overtime period - Connor Murphy is hit by Jaromir Jagr and loses puck.
4:35 of 1st overtime period - Snap shot by Erik Gudbranson.
4:35 of 1st overtime period - Stopped by Marc-Andre Fleury with a rebound.
4:37 of 1st overtime period - Slapshot by Erik Gudbranson.
4:37 of 1st overtime period - Shot Blocked by Jan Hejda.
4:58 of 1st overtime period - Slapshot by Connor Murphy.
4:58 of 1st overtime period - Shot Misses the Net.
Goals for this period are 0 for Senators vs 0 for Canadiens.
Shots for this period are 3 for Senators vs 2 for Canadiens.

ShootOut


5:00 of 1st overtime period - Penalty Shot by Jonathan Toews for Senators.
5:00 of 1st overtime period - Deke by Jonathan Toews.
5:00 of 1st overtime period - Stopped by Marc-Andre Fleury.
5:00 of 1st overtime period - Penalty Shot by Jussi Jokinen for Canadiens.
5:00 of 1st overtime period - Wrist shot by Jussi Jokinen.
5:00 of 1st overtime period - Stopped by Steve Mason.
5:00 of 1st overtime period - Penalty Shot by Phil Kessel for Senators.
5:00 of 1st overtime period - Deke by Phil Kessel.
5:00 of 1st overtime period - Stopped by Marc-Andre Fleury.
5:00 of 1st overtime period - Penalty Shot by Mike Cammalleri for Canadiens.
5:00 of 1st overtime period - Snap shot by Mike Cammalleri.
5:00 of 1st overtime period - Goal by Mike Cammalleri.
5:00 of 1st overtime period - Penalty Shot by Henrik Sedin for Senators.
5:00 of 1st overtime period - Wrist shot by Henrik Sedin.
5:00 of 1st overtime period - Stopped by Marc-Andre Fleury.


Output by the SimonT Hockey Simulator (STHS) for Eric Dolegowski -- Original Page W3C XHTML 1.0 Valid
Hockey Simulator - Hockey Simulation - Hockey Manager